 Dungeon Crawl Stone Soup version 0.31-a0-692-gf03d1854d5 (webtiles) character file.

Game seed: 6340686300482172031

218 qw the Shooter (level 5, -2/33 HPs)
             Began as a Gargoyle Hunter on Sept 6, 2023.
             Slain by an orc wizard
             ... wielding a +0 dagger
              (4 damage)
             ... on level 3 of the Dungeon.
             The game lasted 00:01:02 (2697 turns).

qw the Shooter (Gargoyle Hunter)                    Turns: 2697, Time: 00:01:03

Health: -2/33      AC: 12    Str: 15    XL:     5   Next: 95%
Magic:  5/5        EV: 11    Int:  9    God:
Gold:   142        SH:  0    Dex: 15    Spells: 4/4 levels left

rFire   . . .        Y - +1 shortbow
rCold   . . .        (shield currently unavailable)
rNeg    + . .        i - +0 ring mail
rPois   inf          j - +2 helmet
rElec   +            (no cloak)
rCorr   .            (no gloves)
SInv    .            (no boots)
Will    .....        (no amulet)
Stlth   +            (no ring)
HPRegen 0.25/turn    (no ring)
MPRegen 0.09/turn

%: no passive effects
@: no status effects
A: sickness immunity, AC +4, negative energy resistance 1, electricity
resistance, torment resistance 1, petrification resistance
a: no special abilities


You were on level 3 of the Dungeon.
You visited 1 branch of the dungeon, and saw 3 of its levels.

You collected 142 gold pieces.


Innate Abilities, Weirdness & Mutations

You are immune to sickness and miasma.
Your stone body is resilient. (AC +4)
You are immune to poison.
You resist negative energy. (rN+)
You are resistant to electric shocks. (rElec)
You are resistant to unholy torment.
You are immune to petrification.


   Skills:
 + Level 3.8 Fighting
 - Level 6.2 Ranged Weapons
 - Level 1.0 Armour
 - Level 1.5 Dodging
 - Level 1.1 Stealth


You had 4 spell levels left.
You didn't know any spells.
Your spell library was empty.

Inventory:

Hand Weapons
 Y - a +1 shortbow (weapon)
Armour
 c - a +2 leather armour of willpower
 i - a +0 ring mail (worn)
 j - a +2 helmet (worn)
Jewellery
 h - an amulet of the acrobat
Scrolls
 a - a scroll of acquirement {unknown}
 g - a scroll of identify
Potions
 b - a potion of mutation {unknown}
 d - 2 potions of haste
 e - 3 potions of attraction {unknown}
 f - a potion of degeneration {unknown}
 k - a potion of curing {unknown}

Dungeon Overview and Level Annotations

Branches:
Dungeon (3/15)

Altars:
Cheibriados
Elyvilon
Trog
Wu Jian
Zin

Shops:
D:1 :

Annotations:
D:1 exclusion: 2 ball pythons
D:2 1 runed translucent door, Crazy Yiuf


Message History

The gnoll hits you but does no damage. x3
You shoot an arrow. The arrow hits the gnoll.
You kill the gnoll!
The gnoll closely misses you.
You shoot an arrow. The arrow hits the orc!
You kill the orc!
The gnoll hits you but does no damage.
You shoot an arrow. The arrow hits the gnoll!
The gnoll is heavily wounded.
The gnoll hits you but does no damage. x2
You shoot an arrow. The arrow hits the gnoll.
The gnoll is heavily wounded.
The gnoll hits you with a +0 club. The gnoll barely misses you.
You shoot an arrow. The arrow hits the gnoll!
You kill the gnoll!
The gnoll barely misses you. Something hits you but does no damage.
You shoot an arrow. The arrow barely misses the gnoll.
The gnoll closely misses you. Something barely misses you.
The gnoll hits you with a +0 club.
You shoot an arrow. The arrow hits the gnoll.
The gnoll is moderately wounded.
You hear some strange, mumbled words.
A puff of flame appears from out of thin air!
The puff of flame hits you! The gnoll closely misses you.
You shoot an arrow. The arrow barely misses the gnoll.
Something hits you but does no damage. The gnoll closely misses you.
You shoot an arrow. The arrow hits the gnoll!
The gnoll is almost dead.
You hear some strange, mumbled words.
Something tries to affect you, but you resist.
The gnoll barely misses you.
You shoot an arrow. The arrow hits the gnoll.
You kill the gnoll!
Something hits you but does no damage. x2
You shoot an arrow. The arrow barely misses the orc.
The orc hits you with a +0 short sword. Something hits you.
You shoot an arrow. The arrow hits the orc.
The orc is lightly wounded.
Something hits you.
You die...

......#.#.# #..........#######
........#'######.................
..............##..........#######
....#.#....................#####.
....#.#........#.........#.)##...
....#.#..#####.#.#######.....#.#.
....#.##.#####.#.# ####).#.#.
....#.##.......#%# ##.#...
#...#.##########@# #.###[
...............o{###########.....
#####.........................)..
.................................
~~~~~~~~~~~~~~~~~....~~~~~~~~~~~~
~~~~~~~~~~~~~~~~~....~~~~~~~~~~~~
#####~~~~~~~~~~~~....~~~~~~~~~~~~
#.go#............................
#..o#############''''############


You could see an orc.

Vanquished Creatures
  A hound (D:3)
  8 gnolls (D:3)
  4 adders
  A dart slug (D:1)
  5 orcs (D:3)
  3 bats
  4 endoplasms
  A giant cockroach (D:1)
  7 goblins
  2 hobgoblins (D:1)
  16 jackals (D:3)
  2 quokkas
  4 ball pythons
  5 kobolds
  5 rats (D:1)
68 creatures vanquished.

Notes
Turn   | Place    | Note
-------+----------+-------------------------------------------
     0 | D:1      | qw the Gargoyle Hunter began the quest for the Orb.
     0 | D:1      | Reached XP level 1. HP: 12/12 MP: 1/1
     0 | D:1      | 0 ||| qw: Version: 0.3-a-76-g4403597
     0 | D:1      | 0 ||| qw: Game counter: 233
     0 | D:1      | 0 ||| qw: Melee chars always use a shield: true
     0 | D:1      | 0 ||| qw: God list: Okawaru
     0 | D:1      | 0 ||| qw: Allow faded altars: false
     0 | D:1      | 0 ||| qw: Do Orc after clearing Dungeon:15 true
     0 | D:1      | 0 ||| qw: Do second Lair branch before Depths: true
     0 | D:1      | 0 ||| qw: Lair rune preference: random
     0 | D:1      | 0 ||| qw: Goals: Normal
     0 | D:1      | 0 ||| PLANNING D:1-11
   151 | D:1      | Reached XP level 2. HP: 16/17 MP: 2/2
   412 | D:1      | Found Qaolimun's Book Emporium.
   415 | D:1      | 415 ||| READING scroll labelled WASUSTR DUOTRUN.
  1010 | D:1      | 1010 ||| READING scroll labelled JONUPN XIMPUSO.
  1011 | D:1      | 1011 ||| READING scroll labelled WUSHRU URANG.
  1012 | D:1      | 1012 ||| READING scroll labelled IDWYUN DYIWUCLAMPO.
  1013 | D:1      | 1013 ||| READING scroll labelled MEUX PAOS ZEF.
  1014 | D:1      | 1014 ||| READING scroll labelled DOTOCOK WIGEUJ.
  1015 | D:1      | 1015 ||| DRINKING 2 yellow potions.
  1016 | D:1      | 1016 ||| DROPPING scroll of butterflies.
  1152 | D:2      | Reached skill level 5 in Ranged Weapons
  1152 | D:2      | Reached XP level 3. HP: 18/21 MP: 3/3
  1267 | D:2      | Found a runed translucent door.
  1268 | D:2      | Noticed Crazy Yiuf
  1319 | D:2      | Found a snail-covered altar of Cheibriados.
  1845 | D:2      | 1845 ||| UPGRADING to +0 ring mail.
  1855 | D:2      | 1855 ||| DROPPING +0 leather armour.
  1856 | D:2      | 1856 ||| UPGRADING to +2 helmet.
  1861 | D:2      | 1861 ||| READING scroll labelled XIKAQU DIJOU.
  1862 | D:2      | 1862 ||| DRINKING 2 metallic sapphire potions.
  1887 | D:2      | 1887 ||| DROPPING potion of lignification.
  2011 | D:3      | Reached XP level 4. HP: 25/27 MP: 4/4
  2014 | D:3      | Reached skill level 1 in Armour
  2065 | D:3      | Found an ornate altar of the Wu Jian Council.
  2096 | D:3      | Found a glowing silver altar of Zin.
  2128 | D:3      | Reached skill level 3 in Fighting
  2236 | D:3      | Reached XP level 5. HP: 19/32 MP: 5/5
  2330 | D:3      | Found a bloodstained altar of Trog.
  2330 | D:3      | Found a white marble altar of Elyvilon.
  2570 | D:3      | Reached skill level 6 in Ranged Weapons
  2674 | D:3      | 2674 ||| Stepping ~*~*~tactically~*~*~ (retreating).
  2675 | D:3      | 2675 ||| Stepping ~*~*~tactically~*~*~ (retreating).
  2676 | D:3      | 2676 ||| Stepping ~*~*~tactically~*~*~ (retreating).
  2677 | D:3      | 2677 ||| Stepping ~*~*~tactically~*~*~ (retreating).
  2678 | D:3      | 2678 ||| Stepping ~*~*~tactically~*~*~ (retreating).
  2679 | D:3      | 2679 ||| Stepping ~*~*~tactically~*~*~ (retreating).
  2680 | D:3      | 2680 ||| Stepping ~*~*~tactically~*~*~ (retreating).
  2681 | D:3      | 2681 ||| Stepping ~*~*~tactically~*~*~ (retreating).
  2682 | D:3      | 2682 ||| Stepping ~*~*~tactically~*~*~ (retreating).
  2692 | D:3      | HP: 4/32 [something/puff of flame (9)]
  2697 | D:3      | Slain by an orc wizard

Levels and vault maps discovered:
D:1:      sevenhm_arrival_forest_fort_small_3, layout_loops_corners,
          serial_shops, nicolae_shop_statue_plus
D:2:      layout_basic, basic_altar, uniq_crazy_yiuf_cottage
D:3:      lemuel_castle_with_subvaults [lemuel_castle_interior_carwin_3],
          layout_basic, nzn_wu_jian_council_hall, nicolae_overflow_hidden_temple

Skill      XL: |  1  2  3  4  5 |
---------------+----------------+-----
Ranged Weapons | 5 6 |  6.2
Armour         | 1 |  1.0
Fighting       | 3 |  3.8
Dodging        | |  1.5
Stealth        | |  1.1

Action                     |  1- 3 |  4- 6 || total
---------------------------+-------+-------++-------
   Fire: Shortbow          |   126 |   130 ||   256
    Use: Scroll            |     7 |       ||     7
         Potion            |     2 |       ||     2
 Armour: Leather armour    |    42 |       ||    42
         Ring mail         |     1 |    65 ||    66
  Dodge: Dodged            |    42 |    52 ||    94

Table legend:
 A = Non-vault XP
 B = Vault XP
 C = Vault XP percentage of total XP
 D = Non-vault monster count
 E = Vault monster count
 F = Vault count percentage of total count
                 A         B        C        D         E       F
            +---------+---------+-------+---------+---------+-------
      Total |     158 |     154 |  49.4 |      45 |      23 |  33.8
            +---------+---------+-------+---------+---------+-------
        D:1 |      29 |       0 |   0.0 |      19 |       0 |   0.0
        D:2 |      43 |       0 |   0.0 |      11 |       0 |   0.0
        D:3 |      86 |     154 |  64.2 |      15 |      23 |  60.5
            +---------+---------+-------+---------+---------+-------
